 Dungeon Crawl Stone Soup version 0.30-a0-347-gf58ed5266c (webtiles) character file.

Game seed: 16536743959659400641

116 p00ps00p the Trooper (level 5, -4/47 HPs)
             Began as a Hill Orc Fighter on Nov 7, 2022.
             Slain by Robin
             ... wielding a +0 short sword
              (6 damage)
             ... on level 2 of the Dungeon.
             The game lasted 00:14:22 (2040 turns).

p00ps00p the Trooper (Hill Orc Fighter)             Turns: 2040, Time: 00:14:23

Health: -4/47      AC:  0    Str: 21    XL:     5   Next: 1%
Magic:  5/5        EV: 13    Int:  8    God:
Gold:   40         SH:  0    Dex: 10    Spells: 4/4 levels left

rFire   . . .      SeeInvis .    (weapon currently unavailable)
rCold   . . .      Faith    .    (shield currently unavailable)
rNeg    . . .      Spirit   .    (body armour currently unavailable)
rPois   .          Reflect  .    (helmet currently unavailable)
rElec   .          Harm     .    (cloak currently unavailable)
rCorr   .          Rampage  .    (gloves currently unavailable)
Will    .....                    (boots currently unavailable)
Stlth   +.........               (no amulet)
HPRegen 0.27/turn                (ring currently unavailable)
MPRegen 0.09/turn                (ring currently unavailable)

@: pig-form (expiring), very quick
A: fast, no casting, small
a: no special abilities


You were on level 2 of the Dungeon.
You were a filthy swine.
You visited 1 branch of the dungeon, and saw 2 of its levels.

You collected 95 gold pieces.
You spent 55 gold pieces at shops.

Inventory:

Hand Weapons
 a - a +0 war axe (melded)
 f - a +0 quarterstaff
 i - a +0 club
Armour
 b - a +0 scale mail (melded)
 c - a +0 buckler (melded)
 e - a +0 robe
Scrolls
 m - a scroll of fear {unknown}
 n - a scroll of poison {unknown}
Potions
 d - a potion of might
 g - a potion of haste {unknown}
 h - 2 potions of flight {unknown}
 j - 2 potions of brilliance {unknown}
 k - a potion of heal wounds
 l - a potion of mutation {unknown}


   Skills:
 + Level 4.6 Fighting
 + Level 4.0 Axes
 + Level 4.1 Armour
 + Level 4.1 Shields


You had 4 spell levels left.
You didn't know any spells.
Your spell library contained the following spells:

 Spells                   Type           Power      Damage    Failure   Level
 Hailstorm                Conj/Ice       0%         3d3       78%         3
 Ice Form                 Ice/Tmut       0%         N/A       99%         4
 Simulacrum               Ice/Necr       0%         N/A       100%        6


Dungeon Overview and Level Annotations

Branches:
Dungeon (2/15)

Altars:

Shops:
D:1 *

Annotations:
D:2 Robin


Message History

Robin throws the goblin at you!
* * * LOW HITPOINT WARNING * * *
The giant cockroach closely misses you. Robin throws the goblin at you!
* * * LOW HITPOINT WARNING * * *
The giant cockroach bites you.
* * * LOW HITPOINT WARNING * * *
Robin roars a battlecry!
The goblin goes into a battle-frenzy!
Robin throws the goblin at you!
* * * LOW HITPOINT WARNING * * *
The goblin closely misses you.
You hit the goblin.
You kill the goblin!
The giant cockroach bites you.
* * * LOW HITPOINT WARNING * * *
You have reached level 5!
You feel stronger.
Things that are here:
a +2 dagger of flaming; a goblin corpse The giant cockroach misses you.
Things that are here:
a +2 dagger of flaming; a goblin corpse You hit the giant cockroach.
The giant cockroach is moderately wounded.
Your transformation is almost over.
The giant cockroach closely misses you.
Robin drinks a potion.
Robin seems to grow stronger.
You hit the giant cockroach but do no damage.
The giant cockroach is moderately wounded.
The giant cockroach bites you.
* * * LOW HITPOINT WARNING * * *
You hit the giant cockroach.
The giant cockroach is severely wounded.
The giant cockroach bites you.
* * * LOW HITPOINT WARNING * * *
The giant cockroach closely misses you.
You hit the giant cockroach.
You kill the giant cockroach!
You barely miss Robin. Robin hits you with a +0 short sword.
You die...

## .# . .# #. .# #. .#
.. .# .#.#.#### .#
#.......# .# ##.####h#
.. ..# #g# .# ## #.# #.#
..[ #.# ##.####### #.#
#.# #).)...... #.# #.#
#).####### #.# #.#
#..#####.. #.# #.#
#........#
######.####.###.#####..#


You could see Robin (strong).

Vanquished Creatures
  Natasha (D:2)
  2 adders (D:2)
  A dart slug (D:1)
  A worm (D:2)
  5 bats
  5 endoplasms
  4 giant cockroaches
  11 goblins
  8 hobgoblins
  7 kobolds
  6 quokkas
  3 ball pythons (D:1)
  3 frilled lizards (D:1)
  3 rats (D:1)
60 creatures vanquished.

Notes
Turn   | Place    | Note
-------+----------+-------------------------------------------
     0 | D:1      | p00ps00p the Hill Orc Fighter began the quest for the Orb.
     0 | D:1      | Reached XP level 1. HP: 19/19 MP: 1/1
    98 | D:1      | Reached XP level 2. HP: 27/27 MP: 2/2
   844 | D:1      | Found Xocaen's General Store.
   849 | D:1      | Bought a potion of heal wounds for 55 gold pieces
   869 | D:1      | Reached XP level 3. HP: 31/33 MP: 3/3
  1586 | D:2      | Reached XP level 4. HP: 40/40 MP: 4/4
  1887 | D:2      | Noticed Natasha
  1893 | D:2      | Killed Natasha
  2020 | D:2      | Noticed Robin
  2033 | D:2      | Reached XP level 5. HP: 3/47 MP: 5/5
  2038 | D:2      | HP: 2/47 [giant cockroach (1)]
  2040 | D:2      | Slain by Robin

Illustrated notes

Levels and vault maps discovered:
D:1:      dpeg_arrival_tiny_i, layout_basic, serial_shops, shop,
          minmay_octomino_j4
D:2:      layout_loops_ring, minmay_tall_x, uniq_robin, uniq_natasha

Skill      XL: |  1  2  3  4 |
---------------+-------------+-----
Axes           | 3 4 |  4.0
Fighting       | 4 |  4.6
Armour         | 4 |  4.1
Shields        | 4 |  4.1

Action                   |  1- 3 |  4- 6 || total
-------------------------+-------+-------++-------
Melee: War axe           |   105 |    45 ||   150
       Unarmed           |       |     9 ||     9
Armor: Scale mail        |    54 |    25 ||    79
Dodge: Dodged            |    55 |    32 ||    87
Block: Buckler           |    44 |     9 ||    53

Table legend: (Time is in decaauts)
 A = Elapsed time spent in this place.
 B = Non-inter-level travel time spent in this place.
 C = Inter-level travel time spent in this place.
 D = Time resting spent in this place.
 E = Time spent auto-exploring this place.
 F = Levels seen in this place.
 G = Mean time per level.
                   A        B        C        D        E       F      G
               +--------+--------+--------+--------+--------+-----+--------+
         Total |   2104 |   2061 |     43 |      0 |    915 |   2 | 1052.0 |
       Dungeon |   2104 |   2061 |     43 |      0 |    915 |   2 | 1052.0 |
               +--------+--------+--------+--------+--------+-----+--------+

Top non-repeatable levels by time:
     D:1: 1497 daAuts
     D:2: 607 daAuts
